APL (24 & UNDER)
SAVANNAH HOGS @ NASHUA REDLEGS
09/12/2030
 
TOP OF THE 1ST
Savannah Hogs batting - Pitching for Nashua Redlegs : LHP Alberto Ledezma
Pitching: LHP Alberto Ledezma
Batting: RHB Miguel Martínez 0-0: Ground out 6-3 (Groundball, 56D)
Batting: SHB David Bennett 0-0: Ball
1-0: Called Strike
1-1: Foul Ball, location: 2F
1-2: Ball
2-2: Ball
3-2: Base on Balls
Batting: RHB Mike Russell 0-0: Ball
1-0: Ball
2-0: Swinging Strike
2-1: Called Strike
2-2: Ball
3-2: Strikes out swinging
Batting: RHB Melvin Matthews 0-0: Ball
1-0: Ball
2-0: Foul Ball, location: 2F
2-1: Ball
3-1: Base on Balls
David Bennett to second
Batting: SHB Ramón Minas 0-0: Fielders Choice at 2nd, 6-4 (Groundball, 6)
Top of the 1st over - 0 runs, 0 hits, 0 errors, 2 left on base; Savannah 0 - Nashua 0
BOTTOM OF THE 1ST
Nashua Redlegs batting - Pitching for Savannah Hogs : RHP Francisco Moreno
Pitching: RHP Francisco Moreno
Batting: RHB José Luján 0-0: SINGLE (Flyball, 89S)
Batting: RHB Ánibal Barrios 0-0: Called Strike
José Luján is caught stealing 2nd base
0-1: Called Strike
0-2: Foul Ball, location: 2F
0-2: Ball
1-2: Ball
2-2: Strikes out looking
Batting: RHB Joe Noble 0-0: Foul Ball, location: 2F
0-1: Swinging Strike
0-2: Ball
1-2: Ground out 5-3 (Groundball, 56)
Bottom of the 1st over - 0 runs, 1 hit, 0 errors, 0 left on base; Savannah 0 - Nashua 0
TOP OF THE 2ND
Savannah Hogs batting - Pitching for Nashua Redlegs : LHP Alberto Ledezma
Batting: SHB Juan Chávez 0-0: Ball
1-0: Ball
2-0: Ball
3-0: Base on Balls
Batting: RHB Louis Miller 0-0: Swinging Strike
0-1: Called Strike
0-2: Ball
1-2: Strikes out swinging
Batting: RHB Gilberto Bautista 0-0: Ball
Juan Chávez steals 2nd base
1-0: Fly out, F6 (Popup, 6)
Batting: RHB Juan Morales 0-0: Foul Ball, location: 2F
0-1: Ball
1-1: 2-RUN HOME RUN (Flyball, 8LXD), Distance : 438 ft
Batting: RHB Miguel Martínez 0-0: Called Strike
0-1: Called Strike
0-2: Ball
1-2: Foul Ball, location: 2F
1-2: Foul Ball, location: 2F
1-2: Ball
2-2: Ground out 6-3 (Groundball, 6M)
Top of the 2nd over - 2 runs, 1 hit, 0 errors, 0 left on base; Savannah 2 - Nashua 0
BOTTOM OF THE 2ND
Nashua Redlegs batting - Pitching for Savannah Hogs : RHP Francisco Moreno
Batting: RHB Katsuhito Ohayashi 0-0: Called Strike
0-1: Foul Ball, location: 2F
0-2: Ground out 1-3 (Groundball, 15)
Batting: RHB Bob Fitzgerald 0-0: Ball
1-0: Ball
2-0: SINGLE (Groundball, 56D)
Batting: RHB Currito Campos 0-0: Ball
1-0: Ball
2-0: Foul Ball, location: 2F
2-1: Swinging Strike
2-2: SINGLE (Groundball, 56D)
Bob Fitzgerald to second
Batting: RHB Eleuterio Supardo 0-0: Ball
1-0: SINGLE (Line Drive, 7S)
Bob Fitzgerald to third
Currito Campos to second
Runner from 3rd tries for Home, SAFE, throw made home
Batting: RHB Carlos Villagrama 0-0: Foul Ball, location: 2F
0-1: Foul Ball, location: 2F
0-2: Ball
1-2: Strikes out swinging
Batting: RHB Spencer Pritchett 0-0: Foul Ball, location: 2F
0-1: Ball
1-1: Ball
2-1: Ball
3-1: Foul Ball, location: 2F
3-2: Base on Balls
Currito Campos to third
Eleuterio Supardo to second
Batting: RHB José Luján 0-0: Ball
1-0: Ball
2-0: SINGLE (Groundball, 6MD)
Currito Campos scores
Eleuterio Supardo to third
Spencer Pritchett to second
Runner from 3rd tries for Home, SAFE, throw made home
Batting: RHB Ánibal Barrios 0-0: Called Strike
0-1: Ball
1-1: Foul Ball, location: 2F
1-2: Foul Ball, location: 2F
1-2: Ball
2-2: Foul Ball, location: 2F
2-2: Fly out, F7 (Flyball, 7)
Bottom of the 2nd over - 3 runs, 4 hits, 0 errors, 2 left on base; Savannah 2 - Nashua 3
TOP OF THE 3RD
Savannah Hogs batting - Pitching for Nashua Redlegs : LHP Alberto Ledezma
Batting: SHB David Bennett 0-0: Called Strike
0-1: Ball
1-1: SINGLE (Groundball, 56S) (infield hit)
Batting: RHB Mike Russell 0-0: Ball
1-0: SINGLE (Groundball, 34D)
David Bennett to second
Runner from 2nd tries for 3rd, SAFE, no throw
Batting: RHB Melvin Matthews 0-0: Ball
Mike Russell steals 2nd base
1-0: Called Strike
1-1: Foul Ball, location: 2F
1-2: DOUBLE (Flyball, 8RXD)
David Bennett scores
Mike Russell scores
Batting: SHB Ramón Minas 0-0: Ball
1-0: Foul Ball, location: 2F
1-1: Fly out, F7 (Flyball, 7LM)
Batting: SHB Juan Chávez 0-0: Fly out, F3 (Popup, 3F)
Batting: RHB Louis Miller 0-0: Called Strike
0-1: Ball
1-1: Called Strike
1-2: Ball
2-2: Ball
3-2: Ground out U3 (Groundball, 34)
Top of the 3rd over - 2 runs, 3 hits, 0 errors, 1 left on base; Savannah 4 - Nashua 3
BOTTOM OF THE 3RD
Nashua Redlegs batting - Pitching for Savannah Hogs : RHP Francisco Moreno
Batting: RHB Joe Noble 0-0: SINGLE (Groundball, 6MD)
Batting: RHB Katsuhito Ohayashi 0-0: Ball
1-0: Ball
2-0: Fly out, F7 (Flyball, 78S)
Batting: RHB Bob Fitzgerald 0-0: Ball
1-0: Swinging Strike
1-1: Ball
2-1: Ball
3-1: DOUBLE (Line Drive, 7LM)
Joe Noble to third
Batting: RHB Currito Campos 0-0: Called Strike
0-1: Ball
1-1: Ball
2-1: Fly out, F7 (Flyball, 7S)
Batting: RHB Eleuterio Supardo 0-0: Swinging Strike
0-1: Ground out 1-3 (Groundball, 15)
Bottom of the 3rd over - 0 runs, 2 hits, 0 errors, 2 left on base; Savannah 4 - Nashua 3
TOP OF THE 4TH
Savannah Hogs batting - Pitching for Nashua Redlegs : LHP Alberto Ledezma
Batting: RHB Gilberto Bautista 0-0: Called Strike
0-1: Bunted foul
0-2: Strikes out swinging
Batting: RHB Juan Morales 0-0: Called Strike
0-1: Ball
1-1: Ball
2-1: Foul Ball, location: 2F
2-2: Ball
3-2: Foul Ball, location: 2F
3-2: Strikes out looking
Batting: RHB Miguel Martínez 0-0: Ball
1-0: Ball
2-0: Swinging Strike
2-1: Foul Ball, location: 2F
2-2: SINGLE (Groundball, 3S) (infield hit)
Batting: SHB David Bennett 0-0: SINGLE (Line Drive, 8LM)
Miguel Martínez to second
Miguel Martínez to third
Batting: RHB Mike Russell 0-0: Called Strike
0-1: Called Strike
0-2: Fielders Choice at 2nd, 5-4 (Groundball, 56)
Top of the 4th over - 0 runs, 2 hits, 0 errors, 2 left on base; Savannah 4 - Nashua 3
BOTTOM OF THE 4TH
Nashua Redlegs batting - Pitching for Savannah Hogs : RHP Francisco Moreno
Batting: RHB Carlos Villagrama 0-0: Ball
1-0: Ball
2-0: Ball
3-0: Called Strike
3-1: TRIPLE (Line Drive, 78XD)
Batting: RHB Spencer Pritchett 0-0: Swinging Strike
0-1: Ground out 5-3 (Groundball, 56)
Carlos Villagrama scores
Batting: RHB José Luján 0-0: Foul Ball, location: 2F
0-1: Foul Ball, location: 2F
0-2: SINGLE (Line Drive, 6MD)
Batting: RHB Ánibal Barrios 0-0: Ball
1-0: Called Strike
1-1: Ball
2-1: Foul Ball, location: 2F
2-2: Strikes out swinging
Batting: RHB Joe Noble 0-0: Called Strike
0-1: Called Strike
0-2: Ball
José Luján is caught stealing 2nd base
Bottom of the 4th over - 1 run, 2 hits, 0 errors, 0 left on base; Savannah 4 - Nashua 4
TOP OF THE 5TH
Savannah Hogs batting - Pitching for Nashua Redlegs : LHP Alberto Ledezma
Batting: RHB Melvin Matthews 0-0: Called Strike
0-1: Ball
1-1: Ball
2-1: Ball
3-1: Base on Balls
Batting: SHB Ramón Minas 0-0: Called Strike
0-1: Foul Ball, location: 2F
0-2: Ball
1-2: SINGLE (Line Drive, 6M)
Melvin Matthews to second
Batting: SHB Juan Chávez 0-0: SINGLE (Line Drive, 4M)
Melvin Matthews to third
Ramón Minas to second
Batting: RHB Louis Miller 0-0: Foul Ball, location: 2F
0-1: Foul Ball, location: 2F
0-2: Strikes out looking
Batting: RHB Gilberto Bautista 0-0: Called Strike
0-1: Foul Ball, location: 2F
0-2: Grounds into fielders choice 3-2 (Groundball, 34)
Ramón Minas to third
Juan Chávez to second
Batting: RHB Juan Morales 0-0: Ball
1-0: Ball
2-0: Foul Ball, location: 2F
2-1: Ball
3-1: Called Strike
3-2: Foul Ball, location: 2F
3-2: Strikes out swinging
Top of the 5th over - 0 runs, 2 hits, 0 errors, 3 left on base; Savannah 4 - Nashua 4
BOTTOM OF THE 5TH
Nashua Redlegs batting - Pitching for Savannah Hogs : RHP Francisco Moreno
Batting: RHB Joe Noble 0-0: Ground out 6-3 (Groundball, 56)
Batting: RHB Katsuhito Ohayashi 0-0: Ball
1-0: Ball
2-0: Called Strike
2-1: Ball
3-1: Foul Ball, location: 2F
3-2: Foul Ball, location: 2F
3-2: Base on Balls
Batting: RHB Bob Fitzgerald 0-0: Fly out, F7 (Flyball, 7LM)
Batting: RHB Currito Campos 0-0: Ball
1-0: Ball
2-0: Foul Ball, location: 2F
2-1: Ball
3-1: Foul Ball, location: 2F
3-2: Foul Ball, location: 2F
3-2: Fly out, F7 (Flyball, 7LSF)
Bottom of the 5th over - 0 runs, 0 hits, 0 errors, 1 left on base; Savannah 4 - Nashua 4
TOP OF THE 6TH
Savannah Hogs batting - Pitching for Nashua Redlegs : LHP Alberto Ledezma
Pitching: RHP Dante Piccoli
Batting: RHB Miguel Martínez 0-0: SINGLE (Flyball, 7LM)
Batting: SHB David Bennett 0-0: Ball
1-0: Called Strike
1-1: Ball
2-1: Foul Ball, location: 2F
2-2: Fielders Choice at 2nd, 4-6 (Groundball, 4)
Batting: RHB Mike Russell 0-0: Ball
1-0: Ball
2-0: SINGLE (Groundball, 34D)
David Bennett to second
Runner from 2nd tries for 3rd, SAFE, no throw
Batting: RHB Melvin Matthews 0-0: Ball
1-0: Ball
2-0: Called Strike
2-1: Ball
3-1: Base on Balls
Mike Russell to second
Batting: SHB Ramón Minas 0-0: Called Strike
0-1: Foul Ball, location: 2F
0-2: Strikes out looking
Batting: SHB Juan Chávez 0-0: Called Strike
0-1: Swinging Strike
0-2: Foul Ball, location: 2F
0-2: Ball
1-2: Foul Ball, location: 2F
1-2: Ball
2-2: Ball
3-2: Base on Balls
David Bennett scores
Mike Russell to third
Melvin Matthews to second
Batting: RHB Louis Miller 0-0: Ball
1-0: Ball
2-0: Ball
3-0: Base on Balls
Mike Russell scores
Melvin Matthews to third
Juan Chávez to second
Batting: RHB Gilberto Bautista 0-0: Ball
1-0: Ball
2-0: Ball
3-0: Called Strike
3-1: Foul Ball, location: 2F
3-2: Foul Ball, location: 2F
3-2: Strikes out swinging
Top of the 6th over - 2 runs, 2 hits, 0 errors, 3 left on base; Savannah 6 - Nashua 4
BOTTOM OF THE 6TH
Nashua Redlegs batting - Pitching for Savannah Hogs : RHP Francisco Moreno
Pitching: RHP Cristiano Cipolloni
Batting: RHB Eleuterio Supardo 0-0: Called Strike
0-1: Fly out, F9 (Flyball, 9S)
Batting: RHB Carlos Villagrama 0-0: Ball
1-0: Ball
2-0: Called Strike
2-1: Called Strike
2-2: Ball
3-2: Base on Balls
Batting: RHB Spencer Pritchett 0-0: Swinging Strike
0-1: Ball
1-1: Grounds into double play, 6-4-3 (Groundball, 6)
Bottom of the 6th over - 0 runs, 0 hits, 0 errors, 0 left on base; Savannah 6 - Nashua 4
TOP OF THE 7TH
Savannah Hogs batting - Pitching for Nashua Redlegs : RHP Dante Piccoli
Pitching: RHP Thomas Fournier
Batting: RHB Juan Morales 0-0: Ball
1-0: Ball
2-0: Ball
3-0: Base on Balls
Batting: RHB Miguel Martínez 0-0: Sac Bunt - play at first, batter OUT! 1-3
Juan Morales to second
Batting: SHB David Bennett 0-0: Intentional Walk
Batting: RHB Mike Russell 0-0: Swinging Strike
0-1: Swinging Strike
0-2: Ball
1-2: Strikes out swinging
Batting: RHB Melvin Matthews 0-0: Called Strike
0-1: Swinging Strike
0-2: Strikes out swinging
Top of the 7th over - 0 runs, 0 hits, 0 errors, 2 left on base; Savannah 6 - Nashua 4
BOTTOM OF THE 7TH
Nashua Redlegs batting - Pitching for Savannah Hogs : RHP Cristiano Cipolloni
Batting: RHB José Luján 0-0: Ball
1-0: Called Strike
1-1: Ball
2-1: Ball
3-1: Base on Balls
Batting: RHB Ánibal Barrios 0-0: Ball
1-0: Ball
2-0: Swinging Strike
2-1: Fly out, F9 (Flyball, 89D)
Batting: RHB Joe Noble 0-0: Called Strike
0-1: Ball
1-1: Ball
2-1: Swinging Strike
2-2: Fielders Choice at 2nd, 1-4 (Groundball, 15S)
Batting: RHB Katsuhito Ohayashi 0-0: Foul Ball, location: 2F
0-1: Swinging Strike
0-2: Strikes out swinging
Bottom of the 7th over - 0 runs, 0 hits, 0 errors, 1 left on base; Savannah 6 - Nashua 4
TOP OF THE 8TH
Savannah Hogs batting - Pitching for Nashua Redlegs : RHP Thomas Fournier
Batting: SHB Ramón Minas 0-0: Foul Ball, location: 2F
0-1: Foul Ball, location: 2F
0-2: Ball
1-2: Strikes out looking
Batting: SHB Juan Chávez 0-0: Ball
1-0: Called Strike
1-1: Ball
2-1: Foul Ball, location: 2F
2-2: Ball
3-2: Base on Balls
Batting: RHB Louis Miller 0-0: SINGLE (Groundball, 56S) (infield hit)
Juan Chávez to second
Batting: RHB Gilberto Bautista 0-0: Ball
Juan Chávez steals 3rd base
1-0: Fly out, F9 (Flyball, 89M)
Batting: RHB Juan Morales 0-0: SINGLE (Line Drive, 6D)
Juan Chávez scores
Louis Miller to second
Batting: RHB Miguel Martínez 0-0: Foul Ball, location: 2F
0-1: Ball
1-1: Foul Ball, location: 2F
1-2: Hit by Pitch
Louis Miller to third
Juan Morales to second
Batting: SHB David Bennett 0-0: Ball
1-0: Ball
2-0: Ball
3-0: Base on Balls
Louis Miller scores
Juan Morales to third
Miguel Martínez to second
Pitching: RHP Alonso Rivera
Batting: RHB Mike Russell 0-0: Called Strike
0-1: Ball
1-1: Ball
2-1: Ball
3-1: Swinging Strike
3-2: Base on Balls
Juan Morales scores
Miguel Martínez to third
David Bennett to second
Batting: RHB Melvin Matthews 0-0: Ball
1-0: Ball
2-0: Ball
3-0: Called Strike
3-1: Swinging Strike
3-2: Fly out, F9 (Flyball, 89S)
Top of the 8th over - 3 runs, 2 hits, 0 errors, 3 left on base; Savannah 9 - Nashua 4
BOTTOM OF THE 8TH
Nashua Redlegs batting - Pitching for Savannah Hogs : RHP Cristiano Cipolloni
Now at C: Wilson Ortíz
Batting: RHB Bob Fitzgerald 0-0: Ground out 1-3 (Groundball, 13)
Batting: RHB Currito Campos 0-0: Ball
1-0: Ball
2-0: Called Strike
2-1: SINGLE (Line Drive, 8LS)
Batting: RHB Eleuterio Supardo 0-0: Ball
1-0: Swinging Strike
1-1: Grounds into double play, 4-6-3 (Groundball, 4)
Bottom of the 8th over - 0 runs, 1 hit, 0 errors, 0 left on base; Savannah 9 - Nashua 4
TOP OF THE 9TH
Savannah Hogs batting - Pitching for Nashua Redlegs : RHP Alonso Rivera
Batting: SHB Ramón Minas 0-0: Called Strike
0-1: Foul Ball, location: 2F
0-2: Foul Ball, location: 2F
0-2: Ball
1-2: Strikes out swinging
Batting: SHB Juan Chávez 0-0: Ball
1-0: Ball
2-0: Called Strike
2-1: Ball
3-1: Called Strike
3-2: Base on Balls
Batting: RHB Louis Miller 0-0: Ball
1-0: Foul Ball, location: 2F
1-1: Called Strike
1-2: Strikes out swinging
Batting: RHB Gilberto Bautista 0-0: Called Strike
Juan Chávez steals 2nd base
0-1: Swinging Strike
0-2: Ball
1-2: Ball
2-2: Strikes out swinging
Top of the 9th over - 0 runs, 0 hits, 0 errors, 1 left on base; Savannah 9 - Nashua 4
BOTTOM OF THE 9TH
Nashua Redlegs batting - Pitching for Savannah Hogs : RHP Cristiano Cipolloni
Batting: RHB Carlos Villagrama 0-0: Called Strike
0-1: Called Strike
0-2: Fly out, F9 (Flyball, 9LM)
Batting: RHB Spencer Pritchett 0-0: Called Strike
0-1: Swinging Strike
0-2: Strikes out swinging
Batting: RHB José Luján 0-0: Ball
1-0: Ball
2-0: Swinging Strike
2-1: Ball
3-1: Base on Balls
Pitching: RHP Fernando Vázquez
Batting: RHB Ánibal Barrios 0-0: Ground out 4-3 (Groundball, 34)
Bottom of the 9th over - 0 runs, 0 hits, 0 errors, 1 left on base; Savannah 9 - Nashua 4
Saturday, April 7th, 2018 - OOTP Baseball 18.8 Build 76